 Dungeon Crawl Stone Soup version 0.31.0-32-g396128a36d (webtiles) character file.

Game seed: 16870411508753752926

222 Doomgape the Covered (level 5, -1/34 HPs)
             Began as a Gargoyle Fighter on Mar 15, 2024.
             Slain by a gnoll
             ... wielding a +0 halberd
              (8 damage)
             ... on level 2 of the Dungeon.
             The game lasted 00:04:55 (1145 turns).

Doomgape the Covered (Gargoyle Fighter)             Turns: 1145, Time: 00:04:56

Health: -1/34      AC: 15    Str: 24    XL:     5   Next: 99%
Magic:  5/5        EV:  9    Int:  8    God:
Gold:   92         SH:  4    Dex:  9    Spells: 4/4 levels left

rFire   . . .        a - +0 flail
rCold   . . .        c - +0 buckler
rNeg    + . .        b - +0 scale mail
rPois   ∞            (no helmet)
rElec   +            (no cloak)
rCorr   .            (no gloves)
SInv    +            (no boots)
Will    .....        (no amulet) Stlth
                     f - ring of see invisible
HPRegen 0.25/turn    g - ring "Ochoecw" {AC+4 Str+2}
MPRegen 0.09/turn

%: no passive effects
@: no status effects
A: sickness immunity, AC +4, negative energy resistance 1, electricity
resistance, torment resistance 1, petrification resistance
a: no special abilities


You were on level 2 of the Dungeon.
You visited 1 branch of the dungeon, and saw 2 of its levels.

You collected 92 gold pieces.

Inventory:

Hand Weapons
 a - a +0 flail (weapon)
Armour
 b - a +0 scale mail (worn)
 c - a +0 buckler (worn)
Jewellery
 f - a ring of see invisible (left hand)
 g - the ring "Ochoecw" (right hand) {AC+4 Str+2}
   (You acquired it on level 2 of the Dungeon)

   [ring of protection]

   AC+4:      It affects your AC (+4).
   Str+2:     It affects your strength (+2).
Scrolls
 h - 2 scrolls of torment
 i - a scroll of identify
Potions
 e - 2 potions of lignification
 j - a potion of degeneration {unknown}


   Skills:
 + Level 4.9 Fighting
 + Level 3.7 Maces & Flails
 + Level 4.9 Armour
 - Level 3.2 Shields


You had 4 spell levels left.
You didn't know any spells.
Your spell library contained the following spells:

 Spells                   Type           Power      Damage    Failure   Level
 Apportation              Tloc           0%         N/A       77%         1
 Jinxbite                 Hex            0%         N/A       88%         2
 Alistair's Intoxication  Alch           0%         N/A       100%        5


Dungeon Overview and Level Annotations

Branches:
Dungeon (2/15)

Altars:
Xom


Innate Abilities, Weirdness & Mutations

You are immune to sickness and miasma.
Your stone body is resilient. (AC +4)
You are immune to poison.
You resist negative energy. (rN+)
You are resistant to electric shocks. (rElec)
You are resistant to unholy torment.
You are immune to petrification.


Message History

There is a stone staircase leading down here.
The gnoll misses you.
You hit the gnoll.
The gnoll is moderately wounded.
The gnoll hits you but does no damage.
You hit the gnoll.
The gnoll is severely wounded.
The gnoll hits you but does no damage. You block the gnoll's attack.
You sock the gnoll!
You kill the gnoll!
The gnoll closely misses you. The gnoll hits you but does no damage.
The gnoll barely misses you. x2
You see here a +0 club.
The gnoll hits you with a +0 halberd.
You closely miss the gnoll.
The gnoll is heavily wounded.
The gnoll closely misses you.
The gnoll hits you from afar with a +0 halberd.
The gnoll hits you with a +0 halberd. The gnoll barely misses you.
You closely miss the gnoll.
The gnoll is heavily wounded.
The gnoll closely misses you. The gnoll hits you with a +0 halberd.
The gnoll hits you but does no damage. You block the gnoll's attack.
The gnoll hits you but does no damage.
You are too injured to fight recklessly!
You are too injured to fight recklessly!
You barely miss the gnoll. The gnoll hits you but does no damage.
You block the gnoll's attack. The gnoll hits you with a +0 halberd!
* * * LOW HITPOINT WARNING * * *
Unknown command.
You sock the gnoll!
The gnoll is severely wounded.
The gnoll misses you. The gnoll closely misses you.
You block the gnoll's attack.
Unknown command.
You closely miss the gnoll.
The gnoll is severely wounded.
You block the gnoll's attack.
The gnoll hits you from afar with a +0 halberd!
You die...

#))####...# #..# ###.# ### #..#
#.# #.. #..# #.# #.# #..# #.#
#.# ###..#
#.##############.###### .....#
#...................... ###.##
##..###########.#.###### #.#
####...###@g.......#.# # #.#
#........g.).####..#)#### ###.#
#.##.#.###g#.####.......# ..#.#
#.##.#.###B#........###.# ....#
#.##....##.######...# # .##.#
#.##.#)#.#.# #...# .##.#
#†#....<...# ##...###^# ....#
#.##.#.#.#######.........
.######...........gBg.....##..##


You could see 3 gnolls and a giant cockroach.

Vanquished Creatures
  Sigmund (D:2)
  A gnoll (D:2)
  4 ribbon worms (D:2)
  3 ball pythons
  2 bats
  3 endoplasms
  2 giant cockroaches (D:1)
  6 goblins (D:1)
  3 hobgoblins
  11 kobolds
  2 quokkas
  A frilled lizard (D:1)
  A rat (D:1)
40 creatures vanquished.

Notes
Turn   | Place    | Note
-------+----------+-------------------------------------------
     0 | D:1      | Doomgape the Gargoyle Fighter began the quest for the Orb.
     0 | D:1      | Reached XP level 1. HP: 14/14 MP: 1/1
    89 | D:1      | Reached XP level 2. HP: 19/19 MP: 2/2
   162 | D:1      | Found a faded altar of an unknown god.
   294 | D:1      | Reached XP level 3. HP: 24/24 MP: 3/3
   698 | D:2      | Identified a scroll of acquirement
   698 | D:2      | Acquired the ring "Ochoecw" {AC+4 Str+2}
  1009 | D:2      | Noticed Sigmund
  1022 | D:2      | Killed Sigmund
  1023 | D:2      | Reached XP level 4. HP: 30/30 MP: 4/4
  1023 | D:2      | Reached XP level 5. HP: 34/34 MP: 5/5
  1036 | D:2      | Found a shimmering altar of Xom.
  1145 | D:2      | Slain by a gnoll

Illustrated notes

Levels and vault maps discovered:
D:1:      nicolae_arrival_memento_mori, layout_rooms,
          hellmonk_ecumenical_altar_crossroads
D:2:      layout_loops_ring, basic_altar, minmay_lizard_king, uniq_sigmund

Skill      XL: |  1  2  3 |
---------------+----------+-----
Fighting       | 4 |  4.9
Armour         | 4 |  4.9
Maces & Flails | 3 |  3.7
Shields        | |  3.2

Action                     |  1- 3 |  4- 6 || total
---------------------------+-------+-------++-------
  Melee: Flail             |   147 |     8 ||   155
    Use: Scroll            |     3 |     2 ||     5
         Potion            |     1 |       ||     1
 Armour: Scale mail        |   103 |    12 ||   115
  Dodge: Dodged            |    61 |     9 ||    70
  Block: Buckler           |    25 |     5 ||    30
